 Dungeon Crawl Stone Soup version 0.28.0-47-ge53b351184 (webtiles) character file.

Game seed: 3163644688819126164

58 RatsInWalls the Magician (level 4, 5/25 HPs)
             Began as a Kobold Hedge Wizard on May 7, 2022.
             Quit the game on level 2 of the Dungeon.
             The game lasted 00:05:20 (3197 turns).

RatsInWalls the Magician (Kobold Hedge Wizard)      Turns: 3197, Time: 00:05:20

Health: 5/25       AC:  2    Str:  7    XL:     4   Next: 21%
Magic:  8/9        EV: 15    Int: 17    God:
Gold:   41         SH:  0    Dex: 14    Spells: 7/10 levels left

rFire   . . .      SeeInvis .   a - +0 dagger
rCold   . . .      Faith    .   (no shield)
rNeg    . . .      Spirit   .   b - +0 robe
rPois   .          Reflect  .   c - +0 hat
rElec   .          Harm     .   (no cloak)
rCorr   .          Rampage  .   (no gloves)
Will    .....                   (no boots)
Stlth   +++.......              (no amulet)
HPRegen 0.08/turn               (no ring)
MPRegen 0.11/turn               (no ring)

@: no status effects
A: small, no large weapons, nightstalker 3
a: no special abilities


You were on level 2 of the Dungeon.
You visited 1 branch of the dungeon, and saw 3 of its levels.

You collected 41 gold pieces.

Inventory:

Hand Weapons
 a - a +0 dagger (weapon)
Armour
 b - a +0 robe (worn)
 c - a +0 hat (worn)
 g - a +0 ring mail
 j - the +1 leather armour of Puckish Wonder {rF+}
   (You found it on level 2 of the Dungeon)

   rF:        It protects you from fire.
Scrolls
 d - 3 scrolls of fear {unknown}
 i - 3 scrolls of fog {unknown}
 k - a scroll of identify {unknown}
 m - a scroll of enchant weapon {unknown}
Potions
 e - a potion of mutation {unknown}
 f - 2 potions of lignification {unknown}
 h - 2 potions of curing {unknown}
 l - a potion of degeneration {unknown}


   Skills:
 + Level 1.3 Fighting
 * Level 0.2 Armour
 + Level 3.1 Dodging
 + Level 3.5 Stealth
 + Level 3.8 Spellcasting
 - Level 1.0 Conjurations
 + Level 1.3 Summonings
 - Level 1.0 Translocations


You had 7 spell levels left.
You knew the following spells:

 Your Spells              Type           Power      Damage    Failure   Level
a - Magic Dart            Conj           24%        1d4       11%         1
b - Call Imp              Summ           7%         N/A       14%         2

Your spell library contained the following spells:

 Spells                   Type           Power      Damage    Failure   Level
 Slow                     Hex            12%        N/A       16%         1
 Blink                    Tloc           12%        N/A       16%         2
 Gell's Gravitas          Tloc           6%         N/A       32%         3
 Lesser Beckoning         Tloc           6%         N/A       32%         3
 Teleport Other           Tloc           6%         N/A       32%         3
 Conjure Flame            Conj/Fire      4%         6-21      36%         3
 Mephitic Cloud           Conj/Pois/Air  4%         N/A       38%         3


Dungeon Overview and Level Annotations

Branches:
Dungeon (3/15)

Altars:
The Shining One

Shops:
D:2 (

Annotations:
D:2 1 runed translucent door, Crazy Yiuf


Innate Abilities, Weirdness & Mutations

You are small and have problems with some larger weapons.
You are completely attuned to the shadows.


Message History

Magic restored.
You start resting.
HP restored.
There is a stone staircase leading up here.
There is a stone staircase leading down here.
You climb downwards.
The gnoll shouts! x2; You hear a shout! x2; The gnoll shouts!
There is a stone staircase leading up here.
There are monsters nearby!
The gnoll hits you with a +0 whip. The gnoll barely misses you.
You climb upwards.
Level annotation: 1 runed translucent door, Crazy Yiuf
There is a stone staircase leading down here.
You hit the gnoll but do no damage. The gnoll misses you.
You hit the gnoll.
The gnoll is lightly wounded.
The gnoll barely misses you.
You hit the gnoll.
The gnoll is moderately wounded.
The gnoll misses you.
You barely miss the gnoll.
The gnoll is moderately wounded.
The gnoll hits you with a +0 whip!
You are too injured to fight recklessly!
The gnoll barely misses you.
There is an open door here.
The magic dart hits the gnoll.
The gnoll is moderately wounded.
The gnoll hits you with a +0 whip.
Sorry, you're not good enough to have a special ability.
Aiming: Magic Dart (safe; 11% risk of failure)
Press: ? - help, Q - select action, (/) - cycle Shift-Dir - straight line, f/p - gnoll
Aim: a gnoll, wielding a +0 whip (moderately wounded, 100% to hit)
Okay, then.
The magic dart hits the gnoll but does no damage.
The gnoll is moderately wounded.
The gnoll hits you with a +0 whip!
* * * LOW HITPOINT WARNING * * *
Unknown command.
Are you sure you want to abandon this character and quit the game? (Confirm with "yes".)

....# #.......# #.
.##.####.#####.# #.
##.............###### #.
....................# #.
.#....##.#####.##.#.############.
.#...............................
.#.....#.......##.#.##.######....
.......##########.#.....# #.#.#
.##.........##.g@...##..### #.#.#
.##.........#..##...##..#.###.#.#
.##.......#.#..##...........#.#..
.......##.#.#..###......#.†##.#.#
.......##.#.#..###...............
..#.##.##.#.#........#..#...####.
..#....##.#.#...........#...## #.
..........#.............#....###.
.......##.........<.##..#........


You could see a gnoll.

Vanquished Creatures
  2 adders
  3 ball pythons
  4 endoplasms (D:1)
  3 giant cockroaches (D:1)
  A goblin (D:2)
  2 hobgoblins (D:1)
  4 jackals (D:1)
  3 kobolds
  3 quokkas
  3 bats (D:1)
  4 frilled lizards
  4 rats
36 creatures vanquished.

Vanquished Creatures (others)
  A plant (D:1)
1 creature vanquished.

Grand Total: 37 creatures vanquished

Notes
Turn   | Place    | Note
-------+----------+-------------------------------------------
     0 | D:1      | RatsInWalls the Kobold Hedge Wizard began the quest for the
                  | Orb.
     0 | D:1      | Reached XP level 1. HP: 10/10 MP: 4/4
   412 | D:1      | Reached XP level 2. HP: 16/16 MP: 6/6
   532 | D:1      | Found a faded altar of an unknown god.
  1021 | D:1      | Learned a level 2 spell: Call Imp
  1107 | D:1      | Reached XP level 3. HP: 20/20 MP: 4/8
  1229 | D:1      | Reached skill level 1 in Fighting
  1885 | D:2      | Identified the +1 leather armour of Puckish Wonder {rF+}
  1997 | D:2      | Found a glowing golden altar of the Shining One.
  2140 | D:2      | Found Imap's Antique Weapon Emporium.
  2206 | D:2      | Found a runed translucent door.
  2209 | D:2      | Noticed Crazy Yiuf
  2274 | D:2      | Reached XP level 4. HP: 25/25 MP: 7/9
  3197 | D:2      | Quit the game

Illustrated notes

Levels and vault maps discovered:
D:1:      tarquinn_simple_flora_water_d, layout_basic,
          hellmonk_ecumenical_altar_dog_temple
D:2:      layout_basic, basic_altar, serial_shops,
          nicolae_shop_advertising_works [nicolae_subvault_shop_adworks],
          uniq_crazy_yiuf_cottage
D:3:      layout_basic, hellmonk_ghost_happy_afterlife,
          amcnicky_mini_corridor_feature

Skill      XL: |  1  2  3 |
---------------+----------+-----
Stealth        | 3 |  3.5
Fighting       | 1 |  1.3
Dodging        | 3 |  3.1
Armour         | |  0.2
Spellcasting   | |  3.8
Conjurations   | |  1.0
Summonings     | |  1.3
Translocations | |  1.0

Action                   |  1- 3 |  4- 6 || total
-------------------------+-------+-------++-------
Melee: Dagger            |    52 |     4 ||    56
 Cast: Magic Dart        |    74 |    16 ||    90
 Stab: Sleeping          |     2 |       ||     2
Armor: Robe              |    16 |       ||    16
Dodge: Dodged            |    86 |    10 ||    96
